 Dungeon Crawl Stone Soup version 0.29-a0-1008-g949cc1d0fb (webtiles) character file.

Game seed: 8679097999816936211

1 siradein the Shooter (level 1, -1/16 HPs)
             Began as a Formicid Hunter on Aug 8, 2022.
             Slain by a gnoll
             ... wielding a +0 flail
              (8 damage)
             ... on level 1 of the Dungeon.
             The game lasted 00:00:18 (59 turns).

siradein the Shooter (Formicid Hunter)                Turns: 59, Time: 00:00:20

Health: -1/16      AC:  3    Str: 15    XL:     1   Next: 22%
Magic:  1/1        EV: 12    Int:  8    God:
Gold:   17         SH:  0    Dex: 17    Spells: 0/0 levels left

rFire   . . .      SeeInvis +   a - +0 shortbow
rCold   . . .      Faith    .   (no shield)
rNeg    . . .      Spirit   .   c - +0 leather armour
rPois   .          Reflect  .   (helmet unavailable)
rElec   .          Harm     .   (no cloak)
rCorr   .          Rampage  .   (no gloves)
Will    .....                   (no boots)
Stlth   ++........              (no amulet)
HPRegen 0.05/turn               (no ring)
MPRegen 0.07/turn               (no ring)

@: no status effects
A: permanent stasis, dig shafts and tunnels, antennae 3, four strong arms
a: Dig, Shaft Self


You were on level 1 of the Dungeon.
You visited 1 branch of the dungeon, and saw 1 of its levels.

You collected 17 gold pieces.

Inventory:

Hand Weapons
 a - a +0 shortbow (weapon)
Armour
 c - a +0 leather armour (worn)
Scrolls
 b - a scroll of immolation
 d - a scroll of identify {unknown}


   Skills:
 + Level 2.2 Fighting
 + Level 4.0 Ranged Weapons
 + Level 0.0 Armour
 + Level 1.8 Dodging
 + Level 1.3 Stealth


You couldn't memorise any spells.
You didn't know any spells.
Your spell library was empty.

Dungeon Overview and Level Annotations

Branches:
Dungeon (1/15)

Altars:


Innate Abilities, Weirdness & Mutations

You cannot be hasted, slowed, berserked, paralysed or teleported.
You can dig through walls and to a lower floor.
You have a pair of large antennae on your head. (SInv)
Your four strong arms can wield two-handed weapons with a shield.


Message History

You sense a monster nearby.
You sense a monster nearby.
You sense a monster nearby.
The vine stalker shouts!
You open the door.
There is an open door here.
A ball python comes into view.
Found 17 gold pieces.
A ball python is nearby!
A ball python is nearby!
You shoot an arrow. The arrow hits the ball python!
You kill the ball python!
No target in view!
No target in view!
No target in view!
d - a scroll labelled BOIMA GIODWES You now have 17 gold pieces.
A frilled lizard comes into view.
The frilled lizard hisses angrily.
A frilled lizard is nearby!
You shoot an arrow. The arrow hits the frilled lizard!
You kill the frilled lizard!
No target in view!
No target in view!
No target in view!
You see here a frilled lizard corpse.
You sense a monster nearby.
A gnoll comes into view. It is wielding a +0 flail.
A gnoll is nearby!
You shoot an arrow. The arrow hits the gnoll.
The gnoll is moderately wounded.
You shoot an arrow. The arrow closely misses the gnoll.
You shoot an arrow. The arrow closely misses the gnoll.
You shoot an arrow. The arrow hits the gnoll!
The gnoll is almost dead.
The gnoll hits you with a +0 flail!
Ouch! That really hurt!
The gnoll hits you with a +0 flail!
Ouch! That really hurt!
You die...

#... ##..#
#...# #...#
#...#
####.####
#..†....#
#####
#.#####.#
##...## #@#
#.####.....#
......g.#
#..........#
#####.#.#
#.####....^#
#.#.# #.#
#.#..## #
#..
..####'####
###
#####V#.#.#
###.###
#M#.#f#
###.###


You could see a gnoll.

Vanquished Creatures
  A ball python (D:1)
  A frilled lizard (D:1)
2 creatures vanquished.

Notes
Turn   | Place    | Note
-------+----------+-------------------------------------------
     0 | D:1      | siradein the Formicid Hunter began the quest for the Orb.
     0 | D:1      | Reached XP level 1. HP: 16/16 MP: 1/1
     2 | D:1      | Noticed a draconian
     4 | D:1      | Noticed a human
     4 | D:1      | Noticed a merfolk
     8 | D:1      | Noticed a spriggan
     8 | D:1      | Noticed a demonspawn
    10 | D:1      | Noticed an octopode
    12 | D:1      | Noticed an elf
    12 | D:1      | Noticed a formicid
    14 | D:1      | Noticed a gargoyle
    14 | D:1      | Noticed a troll
    16 | D:1      | Noticed a demigod
    16 | D:1      | Noticed a dwarf
    18 | D:1      | Noticed a naga
    18 | D:1      | Noticed a tengu
    20 | D:1      | Noticed a minotaur
    20 | D:1      | Noticed a ghoul
    22 | D:1      | Noticed a felid
    22 | D:1      | Noticed an ogre
    24 | D:1      | Noticed a vine stalker
    26 | D:1      | Noticed a vampire
    59 | D:1      | Slain by a gnoll

Illustrated notes

Levels and vault maps discovered:
D:1:      kb_arrival_jail, layout_loops_ring,
          shapermc_ecumenical_altar_flowoftime

Action                   || total
-------------------------++-------
 Fire: Shortbow          ||     6

Table legend: (Time is in decaauts)
 A = Elapsed time spent in this place.
 B = Non-inter-level travel time spent in this place.
 C = Inter-level travel time spent in this place.
 D = Time resting spent in this place.
 E = Time spent auto-exploring this place.
 F = Levels seen in this place.
 G = Mean time per level.
                   A        B        C        D        E       F      G
               +--------+--------+--------+--------+--------+-----+--------+
         Total |     60 |     60 |      0 |      0 |     36 |   1 |   60.0 |
       Dungeon |     60 |     60 |      0 |      0 |     36 |   1 |   60.0 |
               +--------+--------+--------+--------+--------+-----+--------+

Top non-repeatable levels by time:
     D:1: 60 daAuts
